 Dungeon Crawl Stone Soup version 0.30-a0-6-g7c9e10e132 (webtiles) character file.

Game seed: 1214903769193722468

319 Spectrina the Magician (level 6, 0/43 HPs)
             Began as a Djinni Venom Mage on Aug 22, 2022.
             Killed by their own static electricity (1 damage)
             ... on level 6 of the Dungeon.
             The game lasted 00:18:32 (2321 turns).

Spectrina the Magician (Djinni Venom Mage)          Turns: 2321, Time: 00:18:33

Health: 0/43       AC:  5    Str:  7    XL:     6   Next: 74%
Gold:   195        EV: 13    Int: 19    God:
                   SH:  5    Dex: 13

rFire   + + .      SeeInvis .    o - +1 short sword (elec)
rCold   x . .      Faith    .    (no shield)
rNeg    . . .      Spirit   .    e - +2 robe {Will+}
rPois   ∞          Reflect  +    (no helmet)
rElec   .          Harm     .    (no cloak)
rCorr   .          Rampage  .    c - +0 pair of gloves
Will    +....                    (boots unavailable)
Stlth   ++........               d - amulet of reflection
HPRegen 0.14/turn                (no ring)
MPRegen 0.00/turn                (no ring)

@: flying, studying Axes
A: sickness immunity, fire resistance 2, cold vulnerability 1, float, innate
caster, HP casting, extra vitality 1
a: no special abilities


You were on level 6 of the Dungeon.
You visited 1 branch of the dungeon, and saw 7 of its levels.

You collected 195 gold pieces.

Inventory:

Hand Weapons
 l - the +1 spear "Huigon" {antimagic, Dex+3}
   (You found it on level 4 of the Dungeon)

   It reduces the magical energy of the wielder, and disrupts the spells and
   magical abilities of those it strikes.
   Natural abilities and divine invocations are not affected.
   Dex:       It affects your dexterity (+3).
 o - a +1 short sword of electrocution (weapon)
 p - a +0 sling
 q - a +1 vampiric dagger
Armour
 a - a +0 robe
 c - a +0 pair of gloves (worn)
 e - a +2 robe of willpower (worn)
Jewellery
 d - an amulet of reflection (around neck)
 k - a ring of fire
Scrolls
 b - a scroll of blinking {unknown}
 f - 4 scrolls of identify {unknown}
 g - 4 scrolls of teleportation {unknown}
 h - a scroll of butterflies {unknown}
 j - 2 scrolls of poison {unknown}
 m - a scroll of enchant armour {unknown}
 n - a scroll of enchant weapon {unknown}
Potions
 i - a potion of heal wounds


   Skills:
 + Level 2.1 Fighting
 + Level 3.4 Dodging
 + Level 2.7 Stealth
 * Level 3.6 Spellcasting
 + Level 2.4 Invocations


You couldn't memorise any spells.
You knew the following spells:

 Your Spells              Type           Power      Damage    Failure   Level
a - Sting                 Tmut/Pois      68%        1d6       3%          1
d - Static Discharge      Conj/Air       17%        3-6/arc   4%          2
f - Necrotise             Necr           68%        1d7       3%          1
l - Mephitic Cloud        Conj/Pois/Air  17%        N/A       10%         3
q - Poisonous Vapours     Pois/Air       34%        N/A       4%          2
w - Olgreb's Toxic Radia  Pois           17%        N/A       30%         4
Your spell library was empty.

Dungeon Overview and Level Annotations

Branches:
Dungeon (7/15)
 Temple: D:4-7

Altars:
Fedhas
Qazlal

Shops:
D:1 (:*[


Innate Abilities, Weirdness & Mutations

You are immune to sickness and miasma.
You are immune to poison.
Your flesh is very heat resistant. (rF++)
You are vulnerable to cold. (rC-)
You float through the air rather than walking.
You learn spells naturally, not from books.
Your magical power is your life essence.
You have superior vitality. (+4 MHP)


Message History

The puff of flame hits you but does no damage.
Unknown command.
You aren't carrying any items that you can evoke.
Okay, then.
Things that are here:
a +0 mace; a +0 leather armour; an adder corpse
Casting: Static Discharge (safe; 4% risk of failure)
Confirm with . or Enter, or press ? or * to list all spells.
Aiming: Sting (safe; 3% risk of failure)
Press: ? - help, Shift-Dir - straight line, f - orc wizard
Aim: an orc wizard, wielding a +0 dagger and wearing a +0 robe (67% to hit)
The sting misses the orc wizard.
* * * LOW HITPOINT WARNING * * *
Casting: Sting (safe; 3% risk of failure)
Confirm with . or Enter, or press ? or * to list all spells.
Aiming: Sting (safe; 3% risk of failure)
Press: ? - help, Shift-Dir - straight line, f/p - orc wizard
Aim: an orc wizard, wielding a +0 dagger and wearing a +0 robe (67% to hit)
The sting hits the orc wizard.
The orc wizard is poisoned.
The orc wizard is moderately wounded.
* * * LOW HITPOINT WARNING * * *
Unknown command.
Casting: Sting (safe; 3% risk of failure)
Confirm with . or Enter, or press ? or * to list all spells.
The orc wizard is struck by an arc of lightning.
The orc wizard is heavily wounded.
You are struck by an arc of lightning.
* * * LOW HITPOINT WARNING * * *
The orc wizard is struck by an arc of lightning.
The orc wizard is severely wounded.
The lightning grounds out.
* * * LOW HITPOINT WARNING * * *
You block the orc wizard's attack.
Unknown command.
Casting: Static Discharge (safe; 4% risk of failure)
Confirm with . or Enter, or press ? or * to list all spells.
The orc wizard is struck by an arc of lightning!
You kill the orc wizard!
You are struck by an arc of lightning.
You die...

................
....(.............
.............##..# #
.....).......##..##.
....###>...........
##### ##..#..##..# #
########.#..##..##.####
#......................
#..............@)#..##
#..........###.)......#
#...(......######...#.#
#...................#
#.........########..#
#.........# ..#
#.........# .#
#.........# ##
#.........#


There were no monsters in sight!

Vanquished Creatures
  A necrophage (D:5)
  2 hounds (D:4)
  Natasha (D:3)
  2 orc wizards
  6 adders
  4 worms
  8 orcs
  3 ball pythons
  5 bats
  5 endoplasms
  2 giant cockroaches
  9 hobgoblins
  3 jackals
  6 quokkas
  A frilled lizard (D:2)
  5 goblins
  4 kobolds
  4 rats (D:1)
71 creatures vanquished.

Vanquished Creatures (collateral kills)
  A goblin (D:3)
1 creature vanquished.

Grand Total: 72 creatures vanquished

Notes
Turn   | Place    | Note
-------+----------+-------------------------------------------
     0 | D:1      | Spectrina the Djinni Venom Mage began the quest for the
                  | Orb.
     0 | D:1      | Spectrina set off with the following spells memorised:
                  | Sting, Poisonous Vapours, Mephitic Cloud, Olgreb's Toxic
                  | Radiance.
     0 | D:1      | Reached XP level 1. HP: 15/15 MP: 0/0
    23 | D:1      | Found Dur Yrr's Assorted Antiques.
    46 | D:1      | Reached XP level 2. HP: 8/21 MP: 0/0
   122 | D:1      | Found Jiothotz's Weapon Shoppe.
   239 | D:1      | Found Atobraesar's Book Emporium.
   291 | D:1      | Found Waloniu's Antique Armour Boutique.
   350 | D:2      | Reached XP level 3. HP: 12/26 MP: 0/0
   350 | D:2      | Learned a level 1 spell: Necrotise
   452 | D:3      | Noticed Natasha
   516 | D:3      | Reached skill level 1 in Invocations
   871 | D:3      | Reached skill level 1 in Fighting
   871 | D:3      | Reached XP level 4. HP: 22/32 MP: 0/0
  1005 | D:5      | Entered Level 5 of the Dungeon
  1114 | D:4      | Identified the +1 spear "Huigon" {antimagic, Dex+3}
  1118 | D:4      | Noticed a phantom
  1151 | D:3      | Found a stormy altar of Qazlal.
  1153 | D:3      | Found a blossoming altar of Fedhas.
  1263 | D:3      | Upgraded the game from 0.30-a0-4-ga7cffc901d to
                  | 0.30-a0-6-g7c9e10e132
  1309 | D:2      | Found a faded altar of an unknown god.
  1440 | D:2      | Reached XP level 5. HP: 24/37 MP: 0/0
  1440 | D:2      | Learned a level 2 spell: Static Discharge
  1865 | D:3      | Killed Natasha
  2005 | D:4      | Reached XP level 6. HP: 27/43 MP: 0/0
  2286 | D:7      | Noticed an orc warrior
  2321 | D:6      | Killed from afar by themself

Illustrated notes

Levels and vault maps discovered:
D:1:      minmay_arrival_loop, layout_basic, serial_shops, shop,
          nicolae_shop_stone, nicolae_shop_advertising_works
          [nicolae_subvault_shop_adworks], shop,
          nicolae_shop_bloodbath_and_beyond, minmay_box_of_dots
D:2:      minmay_chambers_of_ones, layout_basic,
          hellmonk_ecumenical_altar_heavens_door, minmay_misc_feat_encased,
          minmay_pentomino_o2
D:3:      layout_loops_ring, grunt_temple_overflow_open, uniq_natasha
D:4:      nicolae_BIG_FREAKIN_CUBE, layout_basic,
          nicolae_overflow_quartered_altars, minivault_11, minmay_manual_mess
D:5:      layout_basic, serial_shops, shop, uniq_ijyb
D:6:      layout_basic, uniq_pikel, uniq_maggie
D:7:      layout_rooms, minmay_temple_entry_statues

Skill      XL: |  1  2  3  4  5  6 |
---------------+-------------------+-----
Stealth        | 2 |  2.7
Invocations    | 1 2 |  2.4
Fighting       | 1 2 |  2.1
Spellcasting   | 3 |  3.6
Dodging        | 3 |  3.4

Action                   |  1- 3 |  4- 6 || total
-------------------------+-------+-------++-------
Melee: Unarmed           |     7 |       ||     7
       Short sword       |       |    41 ||    41
       Spear             |       |     7 ||     7
       Punch             |       |     1 ||     1
 Cast: Sting             |    39 |    34 ||    73
       Necrotise         |     5 |     9 ||    14
       Poisonous Vapours |     3 |    11 ||    14
       Mephitic Cloud    |     1 |     1 ||     2
       Olgreb's Toxic Ra |       |     1 ||     1
       Static Discharge  |       |    14 ||    14
  Use: Potion            |       |     2 ||     2
 Stab: Sleeping          |       |     1 ||     1
Armor: Robe              |    12 |     9 ||    21
Dodge: Dodged            |    10 |    24 ||    34
Block: Other             |     3 |    16 ||    19
       Reflection        |       |     2 ||     2

Table legend: (Time is in decaauts)
 A = Elapsed time spent in this place.
 B = Non-inter-level travel time spent in this place.
 C = Inter-level travel time spent in this place.
 D = Time resting spent in this place.
 E = Time spent auto-exploring this place.
 F = Levels seen in this place.
 G = Mean time per level.
                   A        B        C        D        E       F      G
               +--------+--------+--------+--------+--------+-----+--------+
         Total |   2323 |   2094 |    229 |      0 |      0 |   7 |  331.9 |
       Dungeon |   2323 |   2094 |    229 |      0 |      0 |   7 |  331.9 |
               +--------+--------+--------+--------+--------+-----+--------+

Top non-repeatable levels by time:
     D:2: 1012 daAuts
     D:3: 635 daAuts
     D:4: 327 daAuts
     D:1: 273 daAuts
     D:6: 49 daAuts
     D:5: 23 daAuts
     D:7: 1 daAuts
